 Dungeon Crawl Stone Soup version 0.25-a0-492-g44cc58d149 (webtiles) character file.

Game seed: 12087346305551238060, levelgen mode: deterministic

1962 sking99 the Frost Mage (level 9, -3/47 HPs)
             Began as a Gargoyle Ice Elementalist on Feb 11, 2020.
             Slain by an orc warrior
             ... wielding a +0 hand axe
              (12 damage)
             ... on level 5 of the Dungeon.
             The game lasted 00:13:44 (6270 turns).

sking99 the Frost Mage (Gargoyle Ice Elementalist)  Turns: 6270, Time: 00:13:44

Health: -3/47      AC: 11    Str: 11    XL:     9   Next: 19%
Magic:  1/18       EV: 12    Int: 20    God:
Gold:   333        SH:  4    Dex: 10    Spells: 13/20 levels left

rFire    . . .     SeeInvis .   r - +0 flail
rCold    . . .     Gourm    .   m - +0 buckler
rNeg     + . .     Faith    .   a - +0 robe
rPois    ∞         Spirit   .   b - +0 helmet
rElec    +         Reflect  .   g - +0 cloak
rCorr    .         Harm     .   (no gloves)
MR       .....                  q - +0 pair of boots
Stlth    ++........             (no amulet)
HPRegen  0.15/turn              (no ring)
MPRegen  0.16/turn              (no ring)

@: frozen ramparts
A: negative energy resistance 1, electricity resistance, unbreathing,
petrification resistance, rot immunity, AC +6
a: no special abilities


You were on level 5 of the Dungeon.
You were not hungry.

You visited 1 branch of the dungeon, and saw 6 of its levels.

You collected 333 gold pieces.

Inventory:

Hand Weapons
 r - a +0 flail (weapon)
Armour
 a - a +0 robe (worn)
 b - a +0 helmet (worn)
 g - a +0 cloak (worn)
 m - a +0 buckler (worn)
 q - a +0 pair of boots (worn)
Jewellery
 d - a cursed amulet of inaccuracy
 l - a +4 ring of dexterity {unknown}
 o - an uncursed ring of flight
Scrolls
 k - a scroll of blinking
 u - 2 scrolls of fear
Potions
 e - 2 potions of brilliance
 f - a potion of lignification
 h - a potion of haste
 i - a potion of heal wounds {unknown}
 j - a potion of ambrosia
 n - a potion of resistance {unknown}
 s - a potion of degeneration
 t - 3 potions of curing {unknown}
 w - a potion of might {unknown}
Comestibles
 c - 12 rations
 p - 3 chunks of flesh


   Skills:
 - Level 1.3 Fighting
 - Level 1.5 Dodging
 - Level 2.1 Stealth
 - Level 4.3 Shields
 + Level 6.0 Spellcasting
 * Level 9.7 Ice Magic


You had 13 spell levels left.
You knew the following spells:

 Your Spells              Type           Power        Failure   Level  Hunger
a - Freeze                Ice            ####         1%          1    None
b - Frozen Ramparts       Ice            #####.       1%          3    ##.....
c - Ozocubu's Armour      Chrm/Ice       ####....     4%          3    ##.....

Your spell library contained the following spells:

 Spells                   Type           Power        Failure   Level  Hunger
 Animate Skeleton         Necr           N/A          11%         1    None
 Apportation              Tloc           #.....       11%         1    None
 Corona                   Hex            #......      11%         1    None
 Summon Small Mammal      Summ           #...         11%         1    None
 Hailstorm                Conj/Ice       ####....     14%         4    ####...
 Summon Ice Beast         Ice/Summ       ####....     14%         4    ####...


Dungeon Overview and Level Annotations

Branches:
Dungeon (6/15)
 Temple: D:4-7

Altars:
Fedhas
Gozag

Annotations:
D:6 Pikel


Innate Abilities, Weirdness & Mutations

You are resistant to torment.
Your stone body is resilient. (AC +6)
You are immune to poison.
You resist negative energy. (rN+)
You are resistant to electric shocks. (rElec)
You can survive without breathing.
You are immune to petrification.
You are immune to rotting.


Message History

The walls around you are covered in icicles.
The walls release a blast of icicles at the orc!
The orc is encased in ice.
The orc hits you.
Casting: Frozen Ramparts (safe; 1% risk of failure)
Confirm with . or Enter, or press ? or * to list all spells.
You don't have enough magic to cast that spell.
Unknown command.
You hit the orc.
You kill the orc!
The walls release a blast of icicles at the orc warrior!
The orc warrior hits you with a +0 hand axe!
The walls release a blast of icicles at the orc warrior!
The orc warrior is encased in ice.
The orc warrior hits you with a +0 hand axe!
* * * LOW HITPOINT WARNING * * *
You barely miss the orc warrior.
The orc warrior is lightly wounded.
The walls release a blast of icicles at the orc warrior!
The orc warrior hits you with a +0 hand axe!
You die...

#≈.# #.≈#.# #.# #≈.# #.≈###
#.# #≈.# #.≈#####.#
#############≈.# #.≈#.....#
#..........##≈.######.≈#######
#.###.#.##.##≈........≈#
#.###.#.##.##≈≈≈≈≈≈≈≈≈.##
#.#........############'#
#.#......#.####@......#.#
#.....?.....<.o[........#
##..#..###.####.......#####
##..###.....# ##..........#
#..## ##..#.# ##...#####.#
##..###.....# #..## #.#
##..#..##### #.## #.# ##...##
##+## #.# ##.## ##...## #.#


You could see an orc warrior.

Vanquished Creatures
  The ghost of Wiebster667 the Chopper, a novice HuMo (D:5)
  Grinder (D:5)
  Menkaure (D:5)
  Edmund (D:6)
  An orc warrior (D:5)
  2 ogres (D:5)
  A necrophage (D:5)
  A slave (D:6)
  2 centaurs
  2 bullfrogs
  A scorpion (D:6)
  A jelly (D:6)
  3 hounds
  Crazy Yiuf (D:2)
  Jessica (D:2)
  Terence (D:2)
  A worker ant (D:5)
  A worker ant zombie (D:6)
  5 gnolls
  6 adders
  A shadow imp (D:6)
  2 adder skeletons (D:5)
  A worm (D:2)
  4 leopard geckos
  9 orcs
  5 giant cockroaches
  5 hobgoblins
  4 jackals (D:4)
  5 kobolds
  3 ball pythons
  7 bats
  3 frilled lizards
  7 goblins
  A jackal skeleton (D:4)
  7 rats
98 creatures vanquished.

Notes
Turn   | Place    | Note
-------+----------+-------------------------------------------
     0 | D:1      | sking99 the Gargoyle Ice Elementalist began the quest for
                  | the Orb.
     0 | D:1      | Reached XP level 1. HP: 10/10 MP: 3/3
   342 | D:1      | Reached XP level 2. HP: 13/16 MP: 0/5
   669 | D:1      | Reached skill level 1 in Fighting
   728 | D:1      | Reached XP level 3. HP: 7/20 MP: 0/6
   997 | D:1      | Learned a level 3 spell: Frozen Ramparts
  1333 | D:2      | Found an opulent altar of Gozag.
  1639 | D:2      | Reached XP level 4. HP: 25/25 MP: 1/7
  1713 | D:2      | Learned a level 3 spell: Ozocubu's Armour
  1726 | D:2      | Noticed Jessica
  1739 | D:2      | Killed Jessica
  1739 | D:2      | Reached skill level 1 in Shields
  1739 | D:2      | Reached skill level 5 in Ice Magic
  2055 | D:2      | Noticed Terence
  2080 | D:2      | Reached XP level 5. HP: 29/29 MP: 3/9
  2083 | D:2      | Killed Terence
  2241 | D:2      | Found a runed translucent door.
  2242 | D:2      | Noticed Crazy Yiuf
  2845 | D:2      | Killed Crazy Yiuf
  3305 | D:3      | You fall into a shaft and drop 1 floor!
  3572 | D:4      | Reached XP level 6. HP: 34/34 MP: 0/10
  4212 | D:5      | Entered Level 5 of the Dungeon
  4308 | D:5      | Noticed an orc warrior
  4309 | D:5      | Found a blossoming altar of Fedhas.
  4320 | D:5      | Reached skill level 6 in Ice Magic
  4325 | D:5      | Killed an orc warrior
  4325 | D:5      | Reached XP level 7. HP: 32/38 MP: 2/12
  4515 | D:5      | Noticed Menkaure
  4526 | D:5      | Killed Menkaure
  4881 | D:5      | Reached skill level 7 in Ice Magic
  4960 | D:5      | Found a large runed translucent door.
  4960 | D:5      | Found a large runed translucent door.
  4986 | D:5      | Noticed Wiebster667's ghost (novice HuMo)
  5050 | D:5      | Noticed Grinder
  5061 | D:5      | Paralysed by Grinder for 3 turns
  5089 | D:5      | Paralysed by Grinder for 4 turns
  5094 | D:5      | Killed Grinder
  5094 | D:5      | Reached XP level 8. HP: 6/43 MP: 12/14
  5493 | D:5      | Reached skill level 8 in Ice Magic
  5744 | D:5      | Killed Wiebster667's ghost
  5744 | D:5      | Reached skill level 5 in Spellcasting
  5899 | D:6      | Reached skill level 9 in Ice Magic
  5933 | D:6      | Noticed Pikel
  6157 | D:6      | Noticed Edmund
  6173 | D:6      | Killed Edmund
  6173 | D:6      | Reached XP level 9. HP: 39/47 MP: 6/17
  6270 | D:5      | Slain by an orc warrior

Levels and vault maps discovered:
D:1:      dpeg_arrival_tiny_h, layout_loops_cross
D:2:      minmay_alternating_diamond, layout_basic, nicolae_gozag_seed_capital,
          uniq_terence, uniq_crazy_yiuf_cottage, uniq_jessica
D:3:      layout_loops_ring, first_ration, kennysheep_generic_room_4, uniq_robin
D:4:      layout_basic
D:5:      layout_loops_corners, ebering_ghost_disaster_area,
          kennysheep_pointless_box, fedhas_bush_and_centaur_altar, uniq_grinder,
          uniq_menkaure
D:6:      layout_cave_pools, uniq_pikel, uniq_edmund

Skill      XL: |  1  2  3  4  5  6  7  8  9 |
---------------+----------------------------+-----
Fighting       | 1 |  1.3
Shields        | 1 2 3 4 |  4.3
Ice Magic      | 5 6 7 9 |  9.7
Spellcasting   | 3 4 5 6 |  6.0
Dodging        | |  1.5
Stealth        | |  2.1

Action                   |  1- 3 |  4- 6 |  7- 9 || total
-------------------------+-------+-------+-------++-------
Melee: Unarmed           |    15 |    18 |       ||    33
       Flail             |       |     5 |    61 ||    66
 Cast: Freeze            |    54 |    68 |    70 ||   192
       Frozen Ramparts   |     2 |     5 |     8 ||    15
       Ozocubu's Armour  |       |     3 |     2 ||     5
  Use: Scroll            |       |    10 |       ||    10
       Potion            |       |       |     1 ||     1
 Stab: Sleeping          |       |       |     2 ||     2
  Eat: Chunk             |     3 |     6 |     3 ||    12
       Ration            |       |     1 |     1 ||     2
Armor: Robe              |    16 |    30 |    51 ||    97
       Skin              |       |       |     1 ||     1
Dodge: Dodged            |    31 |    46 |    73 ||   150
Block: Buckler           |     2 |    15 |    24 ||    41

Table legend:
 A = Non-vault XP
 B = Vault XP
 C = Vault XP percentage of total XP
 D = Non-vault monster count
 E = Vault monster count
 F = Vault count percentage of total count
                 A         B        C        D         E       F
            +---------+---------+-------+---------+---------+-------
      Total |    1362 |    1441 |  51.4 |      86 |      11 |  11.3
            +---------+---------+-------+---------+---------+-------
        D:1 |      55 |       0 |   0.0 |      25 |       0 |   0.0
        D:2 |      71 |     124 |  63.6 |      19 |       5 |  20.8
        D:3 |       5 |       1 |  16.7 |       3 |       1 |  25.0
        D:4 |     132 |       0 |   0.0 |      15 |       0 |   0.0
        D:5 |     708 |    1150 |  61.9 |      15 |       4 |  21.1
        D:6 |     391 |     166 |  29.8 |       9 |       1 |  10.0
            +---------+---------+-------+---------+---------+-------
